 Dungeon Crawl Stone Soup version 0.27-a0-409-gd57800a693 (webtiles) character file.

Game seed: 4487241246586688524

6 CryoSword the Conjurer (level 1, -2/13 HPs)
             Began as a Gnoll Wanderer on Feb 23, 2021.
             Slain by a jackal (3 damage)
             ... on level 1 of the Dungeon.
             The game lasted 00:00:20 (199 turns).

CryoSword the Conjurer (Gnoll Wanderer)              Turns: 199, Time: 00:00:20

Health: -2/13      AC:  2    Str: 10    XL:     1   Next: 90%
Magic:  4/4        EV: 12    Int: 11    God:
Gold:   0          SH:  0    Dex: 12    Spells: 4/5 levels left

rFire    . . .     SeeInvis .   a - +0 dagger
rCold    . . .     Faith    .   (no shield)
rNeg     . . .     Spirit   .   d - +0 robe
rPois    .         Reflect  .   (no helmet)
rElec    .         Harm     .   (no cloak)
rCorr    .         Rampage  .   (no gloves)
Will     .....                  (no boots)
Stlth    ++........             (no amulet)
HPRegen  0.04/turn              (no ring)
MPRegen  0.09/turn              (no ring)

@: no status effects
A: distributed training, fangs 1, strong nose
a: no special abilities


You were on level 1 of the Dungeon.
You visited 1 branch of the dungeon, and saw 1 of its levels.

Inventory:

Hand Weapons
 a - a +0 dagger (weapon)
Armour
 d - a +0 robe (worn)
Scrolls
 c - a scroll of teleportation {@r4}
 e - a scroll of magic mapping {unknown}
Potions
 b - a potion of curing {@q1}


   Skills:
 + Level 0.2 Fighting
 + Level 0.2 Short Blades
 + Level 0.2 Long Blades
 + Level 0.2 Axes
 + Level 0.2 Maces & Flails
 + Level 2.4 Polearms
 + Level 0.2 Staves
 + Level 0.2 Slings
 + Level 0.2 Bows
 + Level 0.2 Crossbows
 + Level 0.2 Throwing
 + Level 0.2 Armour
 + Level 2.4 Dodging
 + Level 4.0 Stealth
 + Level 2.4 Shields
 + Level 0.2 Unarmed Combat
 + Level 2.6 Spellcasting
 + Level 7.0 Conjurations
 + Level 0.1 Hexes
 + Level 0.1 Summonings
 + Level 0.1 Necromancy
 + Level 0.1 Translocations
 + Level 0.1 Transmutations
 + Level 0.1 Fire Magic
 + Level 0.1 Ice Magic
 + Level 0.1 Air Magic
 + Level 0.1 Earth Magic
 + Level 0.1 Poison Magic
 + Level 0.3 Invocations
 + Level 0.2 Evocations


You had 4 spell levels left.
You knew the following spells:

 Your Spells              Type           Power        Failure   Level
a - Magic Dart            Conj           68%          1%          1

Your spell library contained the following spells:

 Spells                   Type           Power        Failure   Level
 Searing Ray              Conj           34%          2%          2
 Dazzling Flash           Conj/Hex       18%          19%         3
 Fulminant Prism          Conj/Hex       4%           52%         4
 Iskenderun's Mystic Bla  Conj/Tloc      9%           52%         4


Dungeon Overview and Level Annotations

Branches:
Dungeon (1/15)

Altars:


Innate Abilities, Weirdness & Mutations

Your experience applies equally to all skills.
You have very sharp teeth.
Your uncanny sense of smell can sniff out nearby items.


Message History

A giant cockroach comes into view.
Found a stone staircase leading down.
Found a stone staircase leading down.
You hit the giant cockroach. The giant cockroach closely misses you.
You hit the giant cockroach. Your bite misses the giant cockroach.
The giant cockroach closely misses you.
The giant cockroach waves its antennae.
The giant cockroach bites you but does no damage.
You hit the giant cockroach. The giant cockroach closely misses you.
You hit the giant cockroach but do no damage.
The giant cockroach bites you.
You hit the giant cockroach.
You kill the giant cockroach!
No target in view!
No target in view!
No target in view!
No target in view!
No target in view!
No target in view!
No target in view!
No target in view!
No target in view!
No target in view!
No target in view!
No target in view!
Unknown command.
Unknown command.
No target in view!
No target in view!
No target in view!
Things that are here:
a +0 dagger; a stone
e - a scroll labelled DAGOUCOIBUI
Found a dagger.
A bat comes into view.
A bat is nearby!
A bat is nearby!
A bat is nearby!
A bat comes into view.
The bat hits you.
Found a murky brown potion.
The bat barely misses you.
You hit the bat. The bat closely misses you. The bat completely misses you.
The bat hits you but does no damage. The bat hits you.
Found a dagger.
You hit the bat.
You kill the bat!
The helpless bat fails to defend itself.
You puncture the bat!
You kill the bat!
No target in view!
No target in view!
No target in view!
No target in view!
No target in view!
No target in view!
No target in view!
No target in view!
No target in view!
No target in view!
No target in view!
No target in view!
No target in view!
A bat and a jackal come into view.
There are monsters nearby!
There are monsters nearby!
There are monsters nearby!
The bat barely misses you.
You hit the bat. The bat hits you but does no damage.
You closely miss the bat. The bat barely misses you.
The bat hits you but does no damage.
The jackal barks!
The bat hits you but does no damage.
A dart slug comes into view.
You closely miss the bat. The bat barely misses you.
A jackal comes into view.
The bat misses you.
The jackal barks!
The bat hits you but does no damage.
You barely miss the bat. The bat hits you but does no damage.
A jackal comes into view.
You miss the bat. The bat closely misses you.
A rat comes into view.
You hit the jackal. The bat closely misses you.
The jackal bites you but does no damage.
You hit the jackal. You bite the jackal, but do no damage. The bat misses you.
The jackal barely misses you. The jackal completely misses you.
The jackal closely misses you.
You hit the jackal.
You kill the jackal!
The bat hits you but does no damage. The jackal bites you.
The bat hits you but does no damage.
The rat twitches its whiskers.
You hit the bat but do no damage. The bat barely misses you.
The jackal bites you. The jackal misses you. The jackal closely misses you. x2
You hit the jackal.
The jackal bites you but does no damage.
The bat closely misses you. The jackal bites you.
You are too injured to fight recklessly!
You are too injured to fight recklessly!
You are too injured to fight recklessly!
You are too injured to fight recklessly!
You are too injured to fight recklessly!
You are too injured to fight recklessly!
You are too injured to fight recklessly!
You are too injured to fight recklessly!
You are too injured to fight recklessly!
You are too injured to fight recklessly!
You are too injured to fight recklessly!
You are too injured to fight recklessly!
You are too injured to fight recklessly!
You are too injured to fight recklessly!
The bat hits you but does no damage. x2; The jackal misses you.
The jackal bites you but does no damage.
The bat barely misses you. The bat closely misses you. The jackal bites you.
The bat barely misses you. The bat closely misses you. The jackal bites you.
The bat hits you.
* * * LOW HITPOINT WARNING * * *
The bat closely misses you. The bat hits you but does no damage.
The jackal closely misses you. The jackal barely misses you.
The bat closely misses you. The jackal bites you.
* * * LOW HITPOINT WARNING * * *
The jackal bites you but does no damage.
The jackal bites you.
* * * LOW HITPOINT WARNING * * *
The bat barely misses you. The bat hits you but does no damage.
The jackal closely misses you. The bat misses you. The bat misses you.
The bat hits you but does no damage. The jackal misses you.
The bat closely misses you.
The rat twitches its whiskers.
The bat completely misses you. The bat hits you but does no damage.
The bat barely misses you.
You hit the bat. The bat hits you but does no damage. The bat hits you.
* * * LOW HITPOINT WARNING * * *
You closely miss the bat. The bat hits you but does no damage.
The jackal barely misses you.
You closely miss the jackal. The jackal misses you. x2
You hit the jackal but do no damage. The jackal closely misses you.
The jackal bites you but does no damage. x2
You barely miss the jackal. The jackal bites you.
* * * LOW HITPOINT WARNING * * *
The jackal barely misses you. The jackal closely misses you.
You barely miss the jackal. Your bite misses the jackal. The jackal bites you.
You die...

# ########## #. ...#.....# #####
#.. ...#.....###...## ###
###.....≈ .........#......###.##
##.....≈≈.
.....#..........@hr..###P.....≈..
.....#.###.....h##....##........≈
.....#.###.....b...#........≈....
.....#.......#...#.#.............
...######.........r##....P..P.≈.≈
...................##.....≈......
...................###....P...P.≈
...................# #..##P≈..≈≈P
.............#.....# ##.##.≈##≈.P


You could see 2 jackals, a bat and a rat.

Vanquished Creatures
  2 bats (D:1)
  A giant cockroach (D:1)
  A jackal (D:1)
  A kobold (D:1)
5 creatures vanquished.

Notes
Turn   | Place    | Note
-------+----------+-------------------------------------------
     0 | D:1      | CryoSword the Gnoll Wanderer began the quest for the Orb.
     0 | D:1      | CryoSword set off with the following items: a +0 dagger, a
                  | potion of curing {@q1}, a scroll of teleportation {@r4}, a
                  | +0 robe; and the following spell memorised: Magic Dart; and
                  | the following spells available to memorise: Searing Ray,
                  | Dazzling Flash, Fulminant Prism, Iskenderun's Mystic Blast
     0 | D:1      | Reached XP level 1. HP: 13/13 MP: 4/4
   199 | D:1      | Slain by a jackal

Illustrated notes

Levels and vault maps discovered:
D:1:      lemuel_arrival_muddy, layout_basic, minmay_pentomino_w2

Action                   || total
-------------------------++-------
Melee: Dagger            ||    25
       Bite              ||     1
 Stab: Sleeping          ||     1
Armor: Robe              ||    23
Dodge: Dodged            ||    45

Table legend: (Time is in decaauts)
 A = Elapsed time spent in this place.
 B = Non-inter-level travel time spent in this place.
 C = Inter-level travel time spent in this place.
 D = Time resting spent in this place.
 E = Time spent auto-exploring this place.
 F = Levels seen in this place.
 G = Mean time per level.
                   A        B        C        D        E       F      G
               +--------+--------+--------+--------+--------+-----+--------+
         Total |    201 |    201 |      0 |      0 |    126 |   1 |  201.0 |
       Dungeon |    201 |    201 |      0 |      0 |    126 |   1 |  201.0 |
               +--------+--------+--------+--------+--------+-----+--------+

Top non-repeatable levels by time:
     D:1: 201 daAuts
